Cogmind - Beta 14 @@@ ROGUE MODE // 2024.09.04 @ 12:14:31 Player: Minty Result: Destroyed by PD-28N(R) with Subdweller Beam Cannon Performance ------------- Evolutions (0) 0 Regions Visited (2) 400 Robots Destroyed (46) 230 Value Destroyed (1110) 1110 Prototype IDs (3) 60 Alien Tech Used (0) 0 Bonus (34) 34 TOTAL SCORE: 1834 Bonus ------- High Alert Combat Kills 72 Friendly Fire -38 Cogmind --------- Core Integrity 0/250 Matter 294/300 Energy 173/200 System Corruption 1% Temperature Cool (9) Movement Rolling (107) Ox1 Location -10/Subcaves Parts ------- > --- POWER (1) -------- Subdweller Power Source > --- PROPULSION (2) --- Wheel Subdweller Monowheel > --- UTILITY (2) ------ Large Storage Unit Makeshift Hacking Suite > --- WEAPON (2) ------- Subdweller Laser Subdweller Machine Gun > --- INVENTORY (15) --- SUBCON Basin (Full) Peak State ------------ > --- POWER ------------ Subdweller Power Source > --- PROPULSION ------- Wheel Subdweller Monowheel > --- UTILITY ---------- Large Storage Unit Makeshift Hacking Suite > --- WEAPON ----------- Subdweller Laser Subdweller Machine Gun > --- INVENTORY -------- SUBCON Basin [Rating: 32] Favorites ----------- Power Light Ion Engine Engine Light Ion Engine Propulsion Light Treads Treads Light Treads Leg Aluminum Leg Wheel Subdweller Monowheel Utility Large Storage Unit Storage Large Storage Unit Processor Terrain Scan Processor Hackware Makeshift Hacking Suite Weapon Light Cannon Energy Gun Medium Laser Energy Cannon Subdweller Beam Cannon Ballistic Gun Light Assault Rifle Ballistic Cannon Light Cannon Launcher Grenade Launcher Build | -11 -10 -10 ------- Run | Yrd Mat Sub Slots Evolved . | . . . Power . | . . . Propulsion . | . . . Utility . | . . . Weapon . | . . . Parts Attached 30 | . 17 13 Power 3 | . 2 1 Engine 3 | . 2 1 Core . | . . . Reactor . | . . . Propulsion 8 | . 2 6 Treads 3 | . 2 1 Leg . | . . . Wheel 5 | . . 5 Hover . | . . . Flight . | . . . Utility 3 | . 2 1 Device . | . . . Storage 1 | . 1 . Processor 1 | . 1 . Hackware 1 | . . 1 Protection . | . . . Artifact . | . . . Weapon 16 | . 11 5 Energy Gun 3 | . 2 1 Energy Cannon 2 | . . 2 Ballistic Gun 2 | . 1 1 Ballistic Cannon 6 | . 5 1 Launcher 3 | . 3 . Special Weapon . | . . . Impact Weapon . | . . . Slashing Weapon . | . . . Piercing Weapon . | . . . Special Melee Weapon . | . . . Unidentified Prototypes . | . . . Parts Lost 3 | . 1 2 Power 1 | . . 1 Propulsion 2 | . 1 1 Utility . | . . . Weapon . | . . . Highest Loss Streak 2 | . 1 2 To Critical Strikes . | . . . Average Slot Usage (%) 93 | . 96 90 Engine 9 | . 13 5 Treads 16 | . 18 14 Leg 4 | . 9 . Wheel 6 | . . 13 Storage 14 | . 14 14 Processor 7 | . 11 3 Hackware 4 | . . 10 Energy Gun 2 | . 4 . Energy Cannon 5 | . . 10 Ballistic Gun 1 | . 2 . Ballistic Cannon 17 | . 19 15 Peak Build Rating 32 | . 9 32 Average Rating 15 | . 7 24 On Entrance 7 | 6 6 9 Naked Turns . | . . . Heaviest Build 36 | 13 29 36 Greatest Support 40 | 20 40 40 Greatest Overweight (x) 3 | . . 3 Average Overweight (x) . | . . . Largest Inventory Capacity 15 | . 15 15 Average Capacity 12 | . 9 15 Most Carried 15 | . 13 15 Average Carried 11 | . 8 14 Final Capacity 15 | 8 15 15 Final Carried 15 | 6 13 15 Class Distribution -------------------- 97% | Mutant Dominant Class ---------------- Mutant | -10/Materials Mutant | -10/Subcaves Resources | -11 -10 -10 ----------- Run | Yrd Mat Sub Matter Collected 1175 | 200 707 268 Remotely . | . . . Salvage Created 1331 | . 1130 201 Parts 108 | . 90 18 Haulers Intercepted 2 | . 2 . Recyclers Shooed . | . . . Parts Field Recycled . | . . . Retrieved Matter . | . . . Parts Self-Destructed 12 | . . 12 Prevented . | . . . Kills | -11 -10 -10 ------- Run | Yrd Mat Sub Combat Hostiles Destroyed 35 | . 30 5 Guns 11 | . 10 1 Cannons 20 | . 16 4 AOE 4 | . 4 . Classes Destroyed 11 | . 9 2 Worker 2 | . 2 . Builder 5 | . 5 . Tunneler 1 | . 1 . Hauler 2 | . 2 . Mechanic 1 | . 1 . Operator 1 | . 1 . Watcher 1 | . 1 . Swarmer 6 | . 6 . Grunt 24 | . 24 . Subdweller 5 | . . 5 Zionite 1 | . . 1 Best Kill Streak 6 | . 6 2 Combat Bots Only 5 | . 5 2 Max Kills in Single Turn 3 | . 3 1 Gunslinging . | . . . Exploded 1 | . 1 . Melee . | . . . Uniques/NPCs Destroyed . | . . . Combat | -11 -10 -10 -------- Run | Yrd Mat Sub Hostile Shots Fired 140 | . 123 17 Missed 50 | . 42 8 Damage Taken 1157 | . 834 323 Core 260 | . 116 144 Absorbed by Shields . | . . . Regen/Repaired (Parts) 45 | . 45 . Core Remaining (%) 100 | 100 . . Volleys Fired 129 | . 97 32 Largest 2 | . 2 2 Hottest 160 | . 90 160 Shots Fired 235 | . 182 53 Gun 90 | . 82 8 Cannon 131 | . 86 45 Launcher 14 | . 14 . Special . | . . . Kinetic 147 | . 117 30 Thermal 74 | . 51 23 Explosive 14 | . 14 . Electromagnetic . | . . . Robot Hit Streak 10 | . 8 10 Robot Miss Streak 4 | . 4 3 Penetration Max . | . . . Secondary Targets 2 | . 2 . Max Gunslinging Chain 1 | . 1 . Shots Hit Robots 109 | . 94 15 Core Hits 67 | . 58 9 Critical Kills . | . . . Critical Parts Destroyed . | . . . Critical Strikes 4 | . 4 . Burn 3 | . 3 . Blast 1 | . 1 . Melee Attacks . | . . . Impact . | . . . Slashing . | . . . Piercing . | . . . Sneak Attacks . | . . . Combat Hostiles . | . . . Follow-up Attacks . | . . . Damage Inflicted 2119 | . 1726 393 Guns 628 | . 503 125 Cannons 1118 | . 850 268 Explosions 339 | . 339 . Melee . | . . . Ramming 34 | . 34 . Kinetic 1095 | . 981 114 Thermal 651 | . 372 279 Explosive 339 | . 339 . Electromagnetic . | . . . Impact . | . . . Slashing . | . . . Piercing . | . . . Highest Corruption 1 | . 1 1 Average Corruption 1 | . 1 1 Corruption Purged . | . . . Corruption Blocked . | . . . Effects 10 | . 2 8 Message Errors 4 | . . 4 Matter Fused 1 | . 1 . Heat Flow Errors 1 | . 1 . Energy Discharges 3 | . . 3 Data Loss (minor) 1 | . . 1 Overload Shots . | . . . Overflow Damage 1 | . 1 . Projectiles 1 | . 1 . Explosions . | . . . Melee . | . . . Knockbacks 4 | . 4 . Impact . | . . . Kinetic 4 | . 4 . Secondary . | . . . Self-Inflicted Damage . | . . . Shots . | . . . Rammed 6 | . 6 . Targets Rammed 7 | . 7 . Kicked 1 | . 1 . Crushed . | . . . Highest Temperature 306 | . 306 72 Average Temperature 55 | . 57 25 Received Heat Transfer 357 | . 324 33 Effects 1 | . 1 . Energy Bleed 1 | . 1 . Siege Activations . | . . . Robots Corrupted . | . . . Combat Hostiles . | . . . Parts Fried . | . . . Impact Corruptions . | . . . Robots Melted . | . . . Combat Hostiles . | . . . Parts Melted 2 | . 1 1 Heat Transferred 1609 | . 1250 359 Parts Sabotaged . | . . . Parts Stolen . | . . . Parts Stripped . | . . . Power Chain Reactions . | . . . Alert | -11 -10 -10 ------- Run | Yrd Mat Sub Peak Influence 559 | . 559 . Initial . | . . . Average 337 | . 337 . Maximum Alert Level 2 | . 2 . Low Security (%) 16 | . 16 . Level 1 47 | . 47 . Level 2 36 | . 36 . Level 3 . | . . . Level 4 . | . . . Level 5 . | . . . High Security . | . . . Max Security . | . . . Squads Dispatched 9 | . 9 . Investigation 8 | . 8 . Extermination . | . . . Reinforcement 1 | . 1 . Assault . | . . . Garrison . | . . . Intercept . | . . . Searches Triggered . | . . . Construction Impeded . | . . . Haulers Reinforced . | . . . Active Scanning Responses . | . . . Cargo Convoy Interrupts . | . . . Stealth | -11 -10 -10 --------- Run | Yrd Mat Sub Distress Signals 4 | . 4 . Communications Jammed . | . . . Distress Signals . | . . . Times Spotted 56 | . 48 8 Peak Tracking Total 6 | . 6 2 Tactical Retreats . | . . . Traps | -11 -10 -10 ------- Run | Yrd Mat Sub Traps Triggered 5 | . 5 . Indirectly . | . . . Trap Hack Attempts . | . . . Triggered . | . . . Disarmed . | . . . Reprogrammed 2 | . 2 . Reused . | . . . Traps Extracted . | . . . Installed . | . . . Triggered . | . . . Machines | -11 -10 -10 ---------- Run | Yrd Mat Sub Machines Disabled 4 | . 4 . Max in Single Turn 1 | . 1 . Machines Repaired . | . . . Machines Dismantled . | . . . Machines Sabotaged . | . . . Overloaded Fab Kills . | . . . Hacking | -11 -10 -10 --------- Run | Yrd Mat Sub Machines Accessed 11 | . 9 2 Terminals 6 | . 6 . Fabricators . | . . . Repair Stations 1 | . 1 . Recycling Units 2 | . 2 . Scanalyzers . | . . . Garrison Access . | . . . Total Hacks 39 | . 36 3 Successful 22 | . 19 3 Failed 16 | . 16 . Catastrophic 3 | . 3 . Database Lockouts 1 | . 1 . Manual 19 | . 19 . Terminals 28 | . 28 . Fabricators . | . . . Repair Stations 2 | . 2 . Recycling Units 6 | . 6 . Scanalyzers . | . . . Garrison Access . | . . . Terminal Hacks 12 | . 9 3 Record 1 | . . 1 Robot Analysis 1 | . 1 . Prototype ID Bank 1 | . 1 . Open Door 1 | . . 1 Terminal Index 1 | . 1 . Alert Level 2 | . 2 . Locate Traps 1 | . 1 . Reprogram Traps 1 | . 1 . Security Status 1 | . 1 . Zone Layout 1 | . 1 . Release Object 1 | . . 1 Fabricator Hacks . | . . . Repair Station Hacks 2 | . 2 . Scan Component 1 | . 1 . Repair 1 | . 1 . Recycling Unit Hacks 4 | . 4 . Process 1 | . 1 . Report Inventory 2 | . 2 . Retrieve Matter 1 | . 1 . Scanalyzer . | . . . Garrison Access Hacks . | . . . Unauthorized Hacks 4 | . 4 . Terminals 4 | . 4 . Botnet 2 | . 2 . Operators 2 | . 2 . Fabricators . | . . . Repair Stations . | . . . Recycling Units . | . . . Scanalyzers . | . . . Garrison Access . | . . . Data Cores Recovered . | . . . Used . | . . . Hacking Detections 9 | . 9 . Full Trace Events 7 | . 7 . Feedback Events . | . . . Feedback Blocked . | . . . Robot Schematics Acquired . | . . . Robots Built . | . . . Authchips . | . . . Time . | . . . Total Robot Build Rating . | . . . Part Schematics Acquired . | . . . Parts Built . | . . . Authchips . | . . . Time . | . . . Total Part Build Rating . | . . . Parts Repaired 1 | . 1 . Time 26 | . 26 . Parts Recycled . | . . . Recycled Matter 242 | . 242 . Retrieved Matter 402 | . 402 . Retrieved Components . | . . . Parts Scanalyzed . | . . . Part Schematics Acquired . | . . . Parts Damaged . | . . . Bothacking | -11 -10 -10 ------------ Run | Yrd Mat Sub Used RIF Installer . | . . . Robots Hacked . | . . . Non-combat . | . . . Combat . | . . . Robot Hacks Applied . | . . . Relay Couplers Released . | . . . Fabnet Peak Effective % . | . . . Robots Rewired . | . . . Allies Hacked . | . . . Hacks Repelled . | . . . Allies | -11 -10 -10 -------- Run | Yrd Mat Sub Total Allies . | . . . Largest Group . | . . . Highest-Rated Group . | . . . Highest-Rated Ally . | . . . Total Orders . | . . . Ally Attacks . | . . . Total Damage . | . . . Kills . | . . . Allies Corrupted . | . . . Allies Melted . | . . . Intel | -11 -10 -10 ------- Run | Yrd Mat Sub Robot Analysis Total 1 | . 1 . Derelict Logs Recovered . | . . . Drone Launches . | . . . Drone Recoveries . | . . . Exploration | -11 -10 -10 ------------- Run | Yrd Mat Sub Turns Passed 2823 | . 1487 1336 Spaces Moved 1556 | 1 771 784 Core . | . . . Treads 919 | . 527 392 Legs 245 | 1 244 . Wheels 392 | . . 392 Hover . | . . . Flight . | . . . Fastest Speed 107 | 120 120 107 Average Speed 150 | 120 147 153 Slowest Speed 240 | 120 160 240 Overloaded Moves . | . . . Propulsion Burnouts . | . . . Robots Hopped . | . . . Cave-ins Triggered . | . . . Exploration Rate (%) 42 | 2 87 38 Regions Visited 2 Branch Regions 1 Pre-discovered Areas 1 | . . 1 Known Exits Taken . | . . . Unknown Exits Taken 2 | 1 1 . Scrap Searched 3 | . . 3 Spaces Dug . | . . . Terrain Destroyed 51 | . 50 1 Melee . | . . . Projectile 1 | . . 1 AOE 50 | . 50 . Terrain Rammed . | . . . Walls Destroyed . | . . . Machines Disabled . | . . . Actions | -11 -10 -10 --------- Run | Yrd Mat Sub Total 1815 | . 944 871 Wait 45 | . 28 17 Move 1554 | . 770 784 Hop . | . . . Pick Up 18 | . 14 4 Fast Attach 10 | . 4 6 Attach 2 | . 2 . Detach . | . . . Swap 18 | . 11 7 Drop 32 | . 11 21 Fire 129 | . 97 32 Melee . | . . . Ram . | . . . Kick 1 | . 1 . Crush 6 | . 6 . Escape Stasis . | . . . Rewire . | . . . Trap . | . . . Miscellaneous . | . . . Route ------- -11/Scrapyard -10/Materials (discovered 4 exits: [*Mat x2] / [*Min] / *Sub) -10/Subcaves (discovered 1 exit: [*Mat]) History --------- Turn | Location | Event 1 | -11/Scrapyard | Discovered new exit (range 0) 1 | -11/Scrapyard | Entered Materials 281 | -10/Materials | Repaired Ion Engine 307 | -10/Materials | Build established: Mutant 415 | -10/Materials | Discovered new exit (range 12) 592 | -10/Materials | Discovered new exit (range 14) 1038 | -10/Materials | Central database locked down 1398 | -10/Materials | Discovered new exit (range 10) 1450 | -10/Materials | Discovered new exit (range 13) 1488 | -10/Materials | Entered Subcaves 1662 | -10/Subcaves | Learned location of Zion (-6) 1662 | -10/Subcaves | Met a Zionite searching for "candidates" 1664 | -10/Subcaves | Shifting Twisted Machinery released Mak. Hacking Suite 1838 | -10/Subcaves | Found SUBCON Basin 1911 | -10/Subcaves | Discovered new exit (range 6) 1912 | -10/Subcaves | Core integrity fell below 50% 1998 | -10/Subcaves | Shifting Twisted Machinery released Sub. Beam Cannon 2288 | -10/Subcaves | Shifting Twisted Machinery released Battle Cannon 2463 | -10/Subcaves | Shifting Twisted Machinery released Sub. Monowheel 2761 | -10/Subcaves | Disturbed a concealed Subdweller 2821 | -10/Subcaves | Core integrity fell below 20% 2824 | -10/Subcaves | Destroyed by PD-28N(R) with Subdweller Beam Cannon Last Messages --------------- 02730_ Found 34 Matter. 02732_ Searching scrap... 02732_ Found Sub. Power Source. 02732_ Found 55 Matter. 02733_ Searching scrap... 02733_ Found Sub. Laser. 02733_ Found Unknown Ballistic Gun. 02733_ Found 66 Matter. 02739_ Acquired Sub. Laser. 02743_ Acquired Sub. Machine Gun. 02744_ Subatomizers dissect the Sub. Power Source. 02746_ Acquired 20 matter. 02750_ Acquired Sub. Power Source. 02752_ Acquired 10 matter. 02761_ 3I-EGK(R) angrily emerges from the Twisted Machinery. 02763_ 3I-EGK(R) destroyed. 02775_ Dropped Broken Sub. Monowheel. 02775_ Acquired Sub. Monowheel. 02779_ Acquired 12 matter. 02818_ T5-YFL(z) destroyed. Map ----- +----------------------------------------------------+ | ????#### ##??????????????????# ##?????? | | ??????## #???????????????????## ##?????? | | ??????# ##????????????????????## ###???? | | ??????# =#??????????????????????# ##??? | | ??????# ## ##?????????????????????# #?? | | ??????## ####! #?????????????????????# ## | | ???????### #?##] %#?????????????????????# | | ?????????###?# ##????????????????????## | | ?????????????# ##????????????????#### | | ????????????## #####????????##### % ### | | ????????????# ## ##??###### ##? | | ????????????# ### #### % #? | | ????????????###??# ## ### % | | ?????????????????## #??###### | | ??????????????????### ## ##????????# | | ????????####????????#### ### ##??????????# | | ????###?# ##??????????# # ## #???????????? | | ????# ### ##?????????# ###### #???????????? | | ???## ## & ########?## #????## #???????????? | | ???# &!# # ## ### z #?????## ##???????????? | | ???# ####& = ##?????? #????????????? | | ???# ##""]%&* ##????? #????????????? | | ???# #"]["#%# # # """ #????## #????? ?????? | | ???# #"%%"# ##### ""## ####??? #??? ?????? | | ???# ##""## #?# "### #???# ? ??????? | | ???# #### #?#""" ### @ #??? ?????????? | | ???# ##?#"" " ##?## *%##??? #???????????? | | ???#### ####??# "####???# = ## #????????????? | | ?????# #???## #???????#" R #????????????? | | ?????# ##???#""###????#" R #????????????? | | ?????## ##### ##???# # # ?????????? | | ?????## # # #???###### ?? #??????? | | ?????# ###?????? # ??????????? | | ###### ""##????? ##? ##?????????? | | # #"" "" ###??# ###??? #??????????? | | #### "" ]"""#??## #??????#??????????? | | # ## #??## ###" """"#???## ?????????????????? | | ########???###?# ###"##?????##?????????????????? | | ???????????????# ##??##?????????????????????????? | | ???????????????####??????????????????????????????? | | ?????????????????????????????????????????????????? | | ?????????????????????????????????????????????????? | | ?????????????????????????????????????????????????? | | ?????????????????????????????????????????????????? | | ?????????????????????????????????????????????????? | | ?????????????????????????????????????????????????? | | ?????????????????????????????????????????????????? | | ?????????????????????????????????????????????????? | | ?????????????????????????????????????????????????? | | ?????????????????????????????????????????????????? | +----------------------------------------------------+ Best States ------------- Heat Dissipation 25 Energy Generation 10 Energy Capacity 250 Matter Stores 300 Matter Capacity 300 Sight Range 16 Terrain Scan Density 85 Evasion (%) 55 Recoil Reduction 2 Offensive Hacking 11 Item Schematics ----------------- None Robot Schematics ------------------ None Fabricated ------------ Nothing Alien Tech Used ----------------- None Achievements -------------- None Challenges ------------ None Game ------ Seed SurveybotLegInitializer Manual? 0 Play Time 00:15:00 Cumulative 917.2 hours Start 2024.09.04 @ 11:54:37 End 2024.09.04 @ 12:14:31 Sessions 1 Manual Loads 0 Difficulty Rogue Special Mode None Game No. 1110 Rogue 830 Adventurer 124 Explorer 156 Win Type - Total 39 Types 28/0/8/1/1/0/0/1/0 Lore% 79 Gallery% 90 Achievement% 78 Wizard Run 0 Options --------- Layout 0 ASCII 0 Keyboard 1 Movement Numpad Keybinds 0 Fullscreen 2 Font 18/X11 Map View 76x50 Zoom Use 0% Tactical HUD 1 Map Filters NONE Filters NONE Steam 1 RUN: 6f49192b-4d92-4d45-b491-e51e86edb0fb